 Dungeon Crawl Stone Soup version 0.30-a0-210-g01b79a254e (webtiles) character file.

Game seed: 9241185640766080803

756 trickyswaf the Sneak (level 8, 0/48 HPs)
             Began as a Kobold Brigand on Oct 4, 2022.
             Slain by a hound (3 damage)
             ... on level 5 of the Dungeon.
             The game lasted 00:06:04 (6067 turns).

trickyswaf the Sneak (Kobold Brigand)               Turns: 6067, Time: 00:06:05

Health: 0/48       AC:  7    Str:  8    XL:     8   Next: 7%
Magic:  8/8        EV: 17    Int: 13    God:
Gold:   187        SH:  5    Dex: 18    Spells: 7/7 levels left

rFire   . . .      SeeInvis .    a - +2 dagger
rCold   . . .      Faith    .    (no shield)
rNeg    . . .      Spirit   .    b - +0 robe
rPois   .          Reflect  +    p - +2 helmet
rElec   .          Harm     .    c - +1 cloak
rCorr   .          Rampage  .    (no gloves)
Will    .....                    (no boots)
Stlth   +++++.....               k - amulet of reflection
HPRegen 0.28/turn                (no ring)
MPRegen 0.11/turn                (no ring)

@: no status effects
A: small, no large weapons, nightstalker 3
a: no special abilities


You were on level 5 of the Dungeon.
You visited 1 branch of the dungeon, and saw 5 of its levels.

You collected 187 gold pieces.

Inventory:

Hand Weapons
 a - a +2 dagger (weapon)
Missiles
 d - 9 poisoned darts (quivered)
 e - 3 curare-tipped darts
Armour
 b - a +0 robe (worn)
 c - a +1 cloak (worn)
 p - a +2 helmet (worn)
Jewellery
 k - an amulet of reflection (around neck)
 m - a ring of wizardry
 u - a ring of positive energy
Wands
 t - a wand of flame (26)
Scrolls
 h - a scroll of amnesia {unknown}
 i - 2 scrolls of noise
 j - 2 scrolls of immolation {unknown}
 o - 2 scrolls of magic mapping
 r - 2 scrolls of torment {unknown}
 s - a scroll of butterflies
 x - a scroll of brand weapon {unknown}
Potions
 f - a potion of magic
 n - 4 potions of brilliance
 q - a potion of cancellation {unknown}
 v - a potion of haste {unknown}


   Skills:
 + Level 4.6 Fighting
 * Level 7.3 Short Blades
 - Level 2.1 Throwing
 + Level 4.5 Dodging
 + Level 7.5 Stealth


You had 7 spell levels left.
You didn't know any spells.
Your spell library contained the following spells:

 Spells                   Type           Power      Damage    Failure   Level
 Beastly Appendage        Tmut           0%         N/A       30%         1
 Sublimation of Blood     Necr           0%         N/A       43%         2
 Wereblood                Tmut           0%         N/A       43%         2
 Gell's Gravitas          Tloc           0%         N/A       67%         3
 Lesser Beckoning         Tloc           0%         N/A       67%         3
 Spider Form              Tmut/Pois      0%         N/A       67%         3
 Teleport Other           Tloc           0%         N/A       67%         3
 Iskenderun's Mystic Bla  Conj/Tloc      0%         2d3       97%         4
 Summon Forest            Summ/Tloc      0%         N/A       100%        5
 Dispersal                Tloc           0%         N/A       100%        6
 Summon Hydra             Summ           0%         N/A       100%        7


Dungeon Overview and Level Annotations

Branches:
Dungeon (5/15)
 Temple: D:4-7

Altars:
Nemelex Xobeh
Ru

Shops:
D:2 !

Annotations:
D:3 1 runed translucent door, Crazy Yiuf


Innate Abilities, Weirdness & Mutations

You are small and have problems with some larger weapons.
You are completely attuned to the shadows.


Message History

The phantom is severely damaged.
The iguana misses you. The phantom hits you. You block the hound's attack.
You hit the phantom.
The phantom is almost destroyed.
The hound misses you.
You barely miss the phantom.
The phantom is almost destroyed.
The phantom misses you. The iguana barely misses you. The hound misses you.
You hit the phantom.
The phantom is almost destroyed.
The phantom misses you. The iguana bites you.
* * * LOW HITPOINT WARNING * * *
The hound closely misses you.
You hit the phantom.
The phantom is almost destroyed.
The hound bites you.
* * * LOW HITPOINT WARNING * * *
You hit the phantom but do no damage.
The phantom is almost destroyed.
You block the phantom's attack. The iguana closely misses you.
The hound barely misses you.
You hit the phantom.
You destroy the phantom!
The iguana bites you!
* * * LOW HITPOINT WARNING * * *
The hound closely misses you.
You have reached level 8!
You hit the iguana.
The iguana is moderately wounded.
You block the hound's attack.
You hit the iguana.
The iguana is heavily wounded.
You block the iguana's attack.
You hit the iguana but do no damage.
The iguana is heavily wounded.
The hound barely misses you. You block the iguana's attack.
You hit the iguana.
The iguana is severely wounded.
The hound bites you.
You die...

............########.########...#
............####...#.#.).####..##
............##.†wW##.##....##...#
............##.o..##.##....##....
#...........#..O)'#...#'....#....
#...........######..#..######....
#........... .......#............
............###..##.#.##..###....
............#.##@l##8##..##.#....
............#..##h.#.#..##..#....
............#.w.'w##.##.'.l†#....
............#..##.#...#.##l.#....
...^........#.##....#....##s#....
............#. #..##'##..# .#....
............## #.##...##.# ##....
...#####....####.#######.####....
....######......................)


You could see a worm, an iguana and a hound.

Vanquished Creatures
  An ogre (D:5)
  2 phantoms (D:5)
  2 scorpions (D:5)
  4 hounds (D:5)
  A jelly (D:5)
  Terence (D:3)
  2 iguanas (D:5)
  An orc wizard (D:4)
  5 adders
  A worm (D:2)
  2 dart slugs (D:3)
  21 orcs
  6 endoplasms
  5 giant cockroaches
  4 goblins
  4 hobgoblins
  2 jackals
  8 kobolds
  A quokka (D:4)
  6 ball pythons
  7 bats
  5 frilled lizards
  5 rats
96 creatures vanquished.

Notes
Turn   | Place    | Note
-------+----------+-------------------------------------------
     0 | D:1      | trickyswaf the Kobold Brigand began the quest for the Orb.
     0 | D:1      | Reached XP level 1. HP: 12/12 MP: 1/1
   284 | D:1      | Reached XP level 2. HP: 18/18 MP: 2/2
   433 | D:1      | Got the Book of Topological Production
   641 | D:1      | Reached XP level 3. HP: 22/22 MP: 3/3
   974 | D:2      | Found Jicain's Distillery.
  1756 | D:2      | Found a faded altar of an unknown god.
  1959 | D:3      | Reached XP level 4. HP: 27/27 MP: 4/4
  1971 | D:3      | Found a sacrificial altar of Ru.
  2228 | D:3      | Found a runed translucent door.
  2231 | D:3      | Noticed Crazy Yiuf
  2594 | D:3      | Reached XP level 5. HP: 32/32 MP: 5/5
  2637 | D:3      | Noticed Terence
  2639 | D:3      | Killed Terence
  3632 | D:4      | Reached skill level 5 in Short Blades
  3845 | D:4      | Found a sparkling altar of Nemelex Xobeh.
  4388 | D:5      | Entered Level 5 of the Dungeon
  4419 | D:5      | Noticed a phantom
  4438 | D:5      | Killed a phantom
  4439 | D:5      | Reached XP level 6. HP: 37/37 MP: 6/6
  4714 | D:5      | Reached XP level 7. HP: 30/42 MP: 7/7
  5692 | D:5      | HP: 2/44 [ogre/+0 giant spiked club (21)]
  6063 | D:5      | HP: 2/44 [iguana (7)]
  6064 | D:5      | Reached XP level 8. HP: 3/48 MP: 8/8
  6067 | D:5      | Slain by a hound

Illustrated notes

Levels and vault maps discovered:
D:1:      dpeg_arrival_rooms_a, layout_loops_ring, hex_tiny
D:2:      layout_loops_corners, basic_ecumenical_altar, serial_shops,
          nicolae_shop_statue_plus, serial_park_tiny_pond
D:3:      layout_loops_ring, nicolae_ru_great_annihilating_truth,
          uniq_crazy_yiuf_cottage, uniq_terence
D:4:      layout_cave_pods, mainiacjoe_overflow_24_doors
D:5:      layout_layer_cave, minmay_pentangle

Skill      XL: |  1  2  3  4  5  6  7 |
---------------+----------------------+-----
Short Blades   | 3 4 5 6 7 |  7.3
Dodging        | 2 3 4 |  4.5
Fighting       | 3 4 |  4.6
Stealth        | 6 7 |  7.5
Throwing       | |  2.1

Action                   |  1- 3 |  4- 6 |  7- 9 || total
-------------------------+-------+-------+-------++-------
Melee: Dagger            |    70 |   173 |    94 ||   337
       Punch             |       |     2 |     4 ||     6
Evoke: Wand              |       |     1 |       ||     1
  Use: Scroll            |     4 |     7 |     2 ||    13
       Potion            |       |     1 |     2 ||     3
 Stab: Sleeping          |    17 |    20 |     3 ||    40
       Paralysed         |       |     1 |       ||     1
       Distracted        |       |     2 |     1 ||     3
Armor: Robe              |     9 |    37 |    11 ||    57
Dodge: Dodged            |    34 |    86 |    67 ||   187
Block: Other             |     5 |    26 |    21 ||    52

Table legend: (Time is in decaauts)
 A = Elapsed time spent in this place.
 B = Non-inter-level travel time spent in this place.
 C = Inter-level travel time spent in this place.
 D = Time resting spent in this place.
 E = Time spent auto-exploring this place.
 F = Levels seen in this place.
 G = Mean time per level.
                   A        B        C        D        E       F      G
               +--------+--------+--------+--------+--------+-----+--------+
         Total |   5991 |   5543 |    448 |    818 |   4090 |   5 | 1198.2 |
       Dungeon |   5991 |   5543 |    448 |    818 |   4090 |   5 | 1198.2 |
               +--------+--------+--------+--------+--------+-----+--------+

Top non-repeatable levels by time:
     D:5: 1614 daAuts
     D:4: 1525 daAuts
     D:2: 1072 daAuts
     D:3: 944 daAuts
     D:1: 833 daAuts
